 Dungeon Crawl Stone Soup version 0.17-a0-1731-g129c023 (webtiles) character file.

95 kosy22 the Ducker (level 4, -3/44 HPs)
             Began as a Troll Fighter on Aug 29, 2015.
             Slain by a centaur (7 damage)
             ... on level 3 of the Dungeon.
             The game lasted 00:06:45 (2331 turns).

kosy22 the Ducker (Troll Fighter)                   Turns: 2331, Time: 00:06:45

Health: -3/44      AC:  5    Str: 25    XL:     4   Next: 39%
Magic:  3/3        EV:  8    Int:  4    God:
Gold:   88         SH:  9    Dex:  9    Spells: 0 memorised, 3 levels left

rFire  . . .     SeeInvis .     a - +1 rapier
rCold  . . .     Clarity  .     b - +0 robe
rNeg   . . .     SustAt   .     c - +0 shield
rPois  .         Gourm    +     (helmet restricted)
rElec  .         Spirit   .     (no cloak)
rCorr  .         Warding  .     (gloves unavailable)
rMut   .         Stasis   .     (boots unavailable)
MR     .....                    (no amulet)
Stlth  +.........               (no ring)
                                (no ring)

@: not resistant to hostile enchantments, very unstealthy
A: unfitting armour, claws 3, fast metabolism 3, gourmand, regeneration 2,
shaggy fur 1, tough skin 2
a: no special abilities


You were on level 3 of the Dungeon.
You were not hungry.

You visited 1 branch of the dungeon, and saw 3 of its levels.

You collected 88 gold pieces.

Inventory:

Hand weapons
 a - a +1 rapier (weapon)
Missiles
 f - 95 stones (quivered)
Armour
 b - a +0 robe (worn)
 c - a +0 shield (worn)
Scrolls
 d - a scroll of enchant armour {unknown}
 i - a scroll of recharging {unknown}
 j - a scroll of fear {unknown}
 k - a scroll of remove curse {unknown}
 l - a scroll of random uselessness {unknown}
Potions
 g - a potion of haste
 h - 2 potions of magic
Comestibles
 e - 2 bread rations


   Skills:
 + Level 2.8 Fighting
 + Level 1.8 Short Blades
 + Level 3.3 Dodging
 + Level 0.1 Stealth
 + Level 3.0 Shields


You had 3 spell levels left.
You didn't know any spells.

Dungeon Overview and Level Annotations

Branches:
Dungeon (3/15)

Altars:


Innate Abilities, Weirdness & Mutations

You are too large for most types of armour.
You have claws for hands.
Your metabolism is lightning-fast.
You like to eat raw meat.
You heal very quickly.
You are covered in fur (AC +1).
You have very tough skin (AC +2).


Message History

You hit the centaur but do no damage.
The centaur is almost dead.
You block the centaur's attack.
The giant newt bites you but does no damage.
The centaur hits you.
You hit the centaur but do no damage.
The centaur is almost dead.
The centaur hits you.
* * * LOW HITPOINT WARNING * * *
You block the giant newt's attack. You block the centaur's attack.
You barely miss the centaur.
The centaur is almost dead.
You block the giant newt's attack. The centaur hits you.
* * * LOW HITPOINT WARNING * * *
You hit the centaur.
The centaur is almost dead.
You block the centaur's attack. The giant newt bites you.
* * * LOW HITPOINT WARNING * * *
The centaur hits you!
You die...

*,.............#..,*,,,,,*,,,,,,
*,.........$.....,,*,,,,,,,,,,,,
**#.............#,,,,,,,,,,,,,,,
#.............#,,,,,,,,,,,,,,,
#...###.......#,,,,,,**,,,**,,
#...+.........##****,*,,,,,,,*
#..,###.......<#,,,,,+,,,,,,,*
*#.,,* #....#(###.#**,*,,,,,,,*
*,,,,* #....#(@c..#****,,,,,,,*
*,,,,* #....##l.....#,,,,,,,,,*
*,,,** #....##......#,,,,,***,,
***,* #....##........,,,,*,,,,
*,* #######........,,,,*,,,,
***,*******,,.........,,,,*,,,,
***,,,,,,,*,,,,...#.....,,,,,,,,,
,,+,,,,,,,*,,,,...###...*,,,,,,,*
***,,,,,,,*,,,*****,,,,,*,,,,,,,*


You could see a centaur and a giant newt.

Vanquished Creatures
  4 adders
  A worm (D:2)
  2 giant geckos
  2 ball pythons
  6 bats
  9 goblins
  7 hobgoblins
  2 jackals (D:2)
  4 kobolds
  A giant newt (D:1)
  4 quokkas (D:2)
  7 rats
49 creatures vanquished.

Notes
Turn   | Place    | Note
--------------------------------------------------------------
     0 | D:1      | kosy22 the Troll Fighter began the quest for the Orb.
     0 | D:1      | Reached XP level 1. HP: 22/22 MP: 0/0
   303 | D:1      | Reached XP level 2. HP: 27/29 MP: 1/1
  1210 | D:2      | Reached XP level 3. HP: 34/36 MP: 2/2
  1485 | D:2      | Reached skill level 3 in Dodging
  1987 | D:3      | Reached XP level 4. HP: 37/44 MP: 3/3
  2311 | D:3      | Noticed a centaur
  2331 | D:3      | Slain by a centaur

Vault maps used:
D:1:      minmay_arrival_shattered_statue
D:3:      uniq_iyjb

Action                   |  1- 3 |  4- 6 || total
-------------------------+-------+-------++-------
Melee: Rapier            |   166 |    50 ||   216
Throw: Stone             |     1 |       ||     1
  Use: Scroll            |     3 |     4 ||     7
       Potion            |     2 |       ||     2
 Stab: Sleeping          |     1 |       ||     1
  Eat: Chunk             |    15 |     1 ||    16
       Bread ration      |     1 |       ||     1
